 Dungeon Crawl Stone Soup version 0.20-a0-454-g2b43fbb (webtiles) character file.

121 HarleyQuinn the Magician (level 4, 0/24 HPs)
             Began as a Deep Elf Conjurer on Jan 8, 2017.
             Slain by an orc
             ... wielding a +1 falchion of electrocution
              (6 damage)
             ... on level 3 of the Dungeon.
             The game lasted 00:04:37 (3810 turns).

HarleyQuinn the Magician (Deep Elf Conjurer)        Turns: 3810, Time: 00:04:38

Health: 0/24       AC:  3    Str:  5    XL:     4   Next: 77%
Magic:  9/14       EV: 13    Int: 21    God:
Gold:   107        SH:  0    Dex: 15    Spells: 12/15 levels left

rFire  . . .     SeeInvis .     (no weapon)
rCold  . . .     Gourm    .     a - +0 robe
rNeg   . . .     Faith    .     (no shield)
rPois  .         Spirit   .     n - +0 helmet
rElec  .         Reflect  .     (no cloak)
rCorr  .         Harm     .     (no gloves)
MR     .....                    (no boots)
Stlth  +.........               (no amulet)
                                (no ring)
                                d - ring of loudness (curse)

@: no status effects
A: no striking features
a: no special abilities


You were on level 3 of the Dungeon.
You were not hungry.

You visited 1 branch of the dungeon, and saw 3 of its levels.

You collected 107 gold pieces.

Inventory:

Armour
 a - a +0 robe (worn)
 n - a +0 helmet (worn)
Jewellery
 d - a cursed ring of loudness (left hand)
Potions
 f - a potion of resistance
 i - a potion of invisibility {unknown}
 j - a potion of lignification {unknown}
 l - a potion of haste {unknown}
 o - a potion of flight {unknown}
Books
 b - a book of Conjurations

   Spells                             Type                      Level
   a - Magic Dart                     Conjuration                  1
   b - Searing Ray                    Conjuration                  2
   c - Dazzling Spray                 Conjuration/Hexes            3
   d - Fulminant Prism                Conjuration/Hexes            4
   e - Iskenderun's Mystic Blast      Conjuration                  4
   f - Iskenderun's Battlesphere      Conjuration/Charms           5
Comestibles
 c - a bread ration
 h - 3 fruits
 k - a beef jerky
 q - 2 chunks of flesh


   Skills:
 - Level 2.4 Dodging
 - Level 2.4 Stealth
 - Level 6.0 Spellcasting
 + Level 5.1 Conjurations


You had 12 spell levels left.
You knew the following spells:

 Your Spells              Type           Power        Failure   Level  Hunger
a - Magic Dart            Conj           ####         1%          1    None
b - Searing Ray           Conj           ####..       1%          2    None


Dungeon Overview and Level Annotations

Branches:
Dungeon (3/15)

Altars:


Message History

Aiming: Searing Ray
Press: ? - help, Shift-Dir - straight line, f - orc
Aim: an orc, wielding a falchion of electrocution and wearing a leather armour The searing ray misses the orc.
The searing ray hits the jackal.
You kill the jackal!
The searing ray hits the orc.
You kill the orc!
The orc hits you with a falchion of electrocution!
The searing ray hits the jackal.
You kill the jackal!
The orc hits you with a falchion of electrocution.
You are electrocuted!
* * * LOW HITPOINT WARNING * * *
The searing ray misses the jackal.
The searing ray hits the orc.
You kill the orc!
The searing ray hits the orc.
You kill the orc!
You finish channeling your searing ray.
The jackal closely misses you.
The orc hits you with a falchion of electrocution.
You die...

#.......#
#.......# .
#.......#..
#..........
#.<..$..#
#..)....#..
#..o.......
###h######.
#..@o......
#.......###
#######.#
.. ##


You could see 2 orcs and a jackal.

Vanquished Creatures
  Robin (D:2)
  4 adders (D:2)
  3 worms (D:2)
  A dart slug (D:2)
  4 leopard geckos
  3 orcs (D:3)
  3 giant cockroaches
  14 goblins
  5 hobgoblins (D:2)
  2 jackals (D:3)
  4 bats
  3 frilled lizards
  4 kobolds
  5 rats
56 creatures vanquished.

Notes
Turn   | Place    | Note
-------+----------+-------------------------------------------
     0 | D:1      | HarleyQuinn the Deep Elf Conjurer began the quest for the Orb.
     0 | D:1      | Reached XP level 1. HP: 10/10 MP: 6/6
   425 | D:1      | Reached XP level 2. HP: 15/15 MP: 6/8
   432 | D:1      | Reached skill level 4 in Spellcasting
  1067 | D:2      | Learned a level 2 spell: Searing Ray
  1340 | D:2      | Reached skill level 5 in Spellcasting
  1340 | D:2      | Reached XP level 3. HP: 18/19 MP: 1/11
  2126 | D:2      | Noticed Robin
  2147 | D:2      | Killed Robin
  2147 | D:2      | Reached skill level 6 in Spellcasting
  2147 | D:2      | Reached XP level 4. HP: 21/24 MP: 4/14
  3581 | D:2      | Reached skill level 5 in Conjurations
  3810 | D:3      | Slain by an orc

Vault maps used:
D:1:      dpeg_arrival_simpleton_a
D:2:      uniq_robin
D:3:      chequers_temple_overflow_statue_of_worship, lemuel_statue_altar

Skill      XL: |  1  2  3  4 |
---------------+-------------+-----
Spellcasting   | 5 6 |  6.0
Conjurations   | 5 |  5.1
Dodging        | |  2.4
Stealth        | |  2.4

Action                   |  1- 3 |  4- 6 || total
-------------------------+-------+-------++-------
Melee: Unarmed           |     1 |       ||     1
 Cast: Magic Dart        |    52 |    24 ||    76
       Searing Ray       |     6 |     7 ||    13
  Use: Scroll            |       |     4 ||     4
  Eat: Chunk             |     3 |     6 ||     9
Armor: Robe              |     3 |       ||     3
Dodge: Dodged            |    18 |     7 ||    25
